Capitals vs Lightning

Created - October-25-14 at 10:24

Goals
1 2 3 T
Capitals 2 1 0 3
Lightning 3 1 1 5
Shots
1 2 3 T
Capitals 12 9 11 32
Lightning 13 8 6 27

1st period

1. Capitals , David Desharnais 1 (Alexander Ovechkin, Ryan McDonagh) at 0:53 (PP)
2. Lightning , Teddy Purcell 3 (Curtis Glencross, Brad Richards) at 8:08
3. Lightning , Patrick Kane 5 (Maxime Talbot, Andrej Sekera) at 13:33 (PP)
4. Lightning , Cam Atkinson 5 (Patrick Kane, Henrik Sedin) at 15:13
5. Capitals , Daniel Briere 1 (Alexander Ovechkin, Ryan McDonagh) at 15:58

Penalties :
Cam Atkinson (TBL) for Roughing (Minor) at 0:05, Ryan McDonagh (WSH) for Hooking (Minor) at 12:05

2nd period

6. Lightning , Brent Seabrook 1 (Patrick Kane, Cam Atkinson) at 3:33 (PP)
7. Capitals , Alexander Ovechkin 5 (Alexander Semin, Taylor Hall) at 13:02 (PP)

Penalties :
Ryane Clowe (WSH) for Diving (Minor) at 2:26, Erik Gudbranson (TBL) for Slashing (Minor) at 6:03, Jay Harrison (WSH) for Hooking (Minor) at 8:06, Curtis Glencross (TBL) for Roughing (Minor) at 12:33, Alexander Ovechkin (WSH) for Hooking (Minor) at 15:54

3rd period

8. Lightning , Tomas Plekanec 4 (Maxime Talbot, Luca Sbisa) at 10:50

Penalties :
Corey Potter (WSH) for Hooking (Minor) at 5:51, Curtis Glencross (TBL) for Holding (Minor) at 8:17

Goalie Stats

James Reimer (WSH), 13 saves from 17 shots - (0.765), L, 1-1-0, 23:33 minutes
Jimmy Howard (WSH), 9 saves from 10 shots - (0.900), 36:27 minutes
Alex Stalock (TBL), 29 saves from 32 shots - (0.906), W, 2-0-0, 60:00 minutes

Players Stats for Capitals

Player Name              G  A  P  +/- PIM S  H  SB GA TA FO     MP     PP MP  PK MP  
------------------------------------------------------------------------------------
Alexander Ovechkin       1  2  3   0  2   4  4  0  0  0  0/0    23:04   2:55   0:18 
Alexander Semin          0  1  1  -1  0   1  0  0  0  0  1/1    19:22   2:55   2:32 
Cody Eakin               0  0  0   0  0   1  1  0  0  0  1/1    11:51   0:00   0:00 
Corey Potter             0  0  0   1  2   0  0  0  0  0  0/0     4:19   0:00   1:12 
Daniel Briere            1  0  1   1  0   2  0  0  0  0  6/10    6:18   0:00   0:21 
David Desharnais         1  0  1  -1  0   4  0  0  0  0  9/23   16:50   2:55   0:00 
Dmitri Orlov             0  0  0  -3  0   0  1  2  0  0  0/0    20:04   1:39   3:56 
Jay Harrison             0  0  0   0  2   0  2  1  0  0  0/0    13:11   0:00   0:00 
Jiri Tlusty              0  0  0   0  0   3  2  0  0  0  0/1    14:55   0:00   3:04 
Mathieu Perreault        0  0  0   0  0   2  2  0  0  0  6/16   11:51   0:00   0:00 
Matt Stajan              0  0  0  -2  0   1  0  1  0  0  22/32  21:57   2:20   5:07 
Mike Green               0  0  0   0  0   0  4  2  0  0  0/0    20:59   1:39   3:56 
Morgan Rielly            0  0  0   0  0   0  0  0  0  0  0/0    13:15   0:00   0:03 
Nate Guenin              0  0  0  -3  0   2  2  4  0  0  0/0    19:02   0:00   4:33 
Ryan McDonagh            0  2  2   1  2   5  2  1  0  0  0/0    25:31   3:36   3:24 
Ryane Clowe              0  0  0  -2  2   1  2  0  0  0  0/0    16:49   2:20   0:00 
Taylor Hall              0  1  1  -2  0   5  0  1  0  0  0/0    23:48   3:36   5:42 
Tomas Fleischmann        0  0  0   1  0   1  0  0  0  0  1/1     8:17   2:20   0:00 

Players Stats for Lightning

Player Name              G  A  P  +/- PIM S  H  SB GA TA FO     MP     PP MP  PK MP  
------------------------------------------------------------------------------------
Andrej Meszaros          0  0  0   1  0   1  0  3  0  0  0/0    19:04   3:50   2:30 
Andrej Sekera            0  1  1   0  0   4  0  1  0  0  0/0    26:27   4:42   2:45 
Brad Richards            0  1  1   1  0   3  0  0  0  0  14/27  20:27   4:14   1:40 
Brent Seabrook           1  0  1   0  0   2  3  1  0  0  0/0    26:27   4:42   2:45 
Cam Atkinson             1  1  2   1  2   4  2  0  0  0  0/0    20:46   3:58   1:07 
Curtis Glencross         0  1  1   1  4   1  5  0  0  0  0/0    19:29   4:14   0:44 
David Schlemko           0  0  0   0  0   0  0  0  0  0  0/0     0:00   0:00   0:00 
Eric Fehr                0  0  0   0  0   0  0  0  0  0  1/1     6:09   0:00   0:00 
Erik Gudbranson          0  0  0   1  2   2  2  3  0  0  0/0    21:11   3:50   1:35 
Henrik Sedin             0  1  1   1  0   2  3  1  0  0  12/33  23:33   4:18   3:33 
Jason Chimera            0  0  0   0  0   0  2  0  0  0  1/2     9:49   0:00   0:00 
Luca Sbisa               0  1  1   1  0   0  4  1  0  0  0/0    11:26   0:00   0:00 
Maxim Lapierre           0  0  0   0  0   0  1  0  0  0  5/11    6:09   0:00   0:00 
Maxime Talbot            0  2  2   0  0   0  0  0  0  0  0/0    16:18   0:20   0:00 
Patrick Kane             1  2  3   1  0   3  0  0  0  0  1/1    23:26   4:18   3:26 
Scott Hannan             0  0  0   1  0   0  0  0  0  0  0/0    15:24   0:00   0:55 
Teddy Purcell            1  0  1   1  0   2  1  0  0  0  0/0    18:47   4:14   0:00 
Tomas Plekanec           1  0  1   0  0   3  0  0  0  0  5/10    9:49   0:00   0:00 

3 Stars

1 - Patrick Kane (TBL)
2 - Alexander Ovechkin (WSH)
3 - Cam Atkinson (TBL)

Power Play

Capitals - 2 on 4 Attempt(s) - 50.00%
Lightning - 2 on 5 Attempt(s) - 40.00%

Penalty Kill

Capitals - 3 on 5 Attempt(s) - 60.00% - Score 0 goal in Penalty Kill
Lightning - 2 on 4 Attempt(s) - 50.00% - Score 0 goal in Penalty Kill

Official

Referees : Dennis LaRue and Stephen Walkom
Linesman : Tim Nowak and Tony Sericolo

Game Notes

Jimmy Howard enters game at 3:33 of 2nd period

Finance

Level 1 -- Attendance: 5319 (81.83%) -- Ticket Income $585,090
Level 2 -- Attendance: 3160 (63.20%) -- Ticket Income $300,200
Level 3 -- Attendance: 2068 (59.09%) -- Ticket Income $155,100
Level 4 -- Attendance: 1937 (51.54%) -- Ticket Income $87,165
Luxury Box -- Attendance: 500 (50.00%) -- Ticket Income $180,000
Game was played at the Tampa Bay Times Forum
Total Attendance: 12984 (65.72%)
Total Ticket Income: $1,307,555
Other Income: $196,133
Total Income: $1,503,688

% Time on Ice - Capitals

Lines # - Real PCT - Wanted PCT - Time Play
Normal Forward
1 - 30% - 36% - 13:55
2 - 31% - 33% - 14:30
3 - 26% - 16% - 11:51
4 - 13% - 15% - 5:57
Normal Defense
1 - 33% - 40% - 15:24
2 - 31% - 30% - 14:29
3 - 29% - 20% - 13:12
4 - 7% - 10% - 3:08
PP Forward
1 - 56% - 60% - 2:55
2 - 44% - 40% - 2:20
PP Defense
1 - 69% - 60% - 3:36
2 - 31% - 40% - 1:39
PK Forward
1 - 70% - 60% - 6:00
2 - 30% - 40% - 2:32
PK Defense
1 - 54% - 60% - 4:36
2 - 46% - 40% - 3:56
PK3 Forward
1 - 0% - 60%
2 - 0% - 40%
PK3 Defense
1 - 0% - 60%
2 - 0% - 40%
44 Forward
1 - 0% - 60%
2 - 0% - 40%
44 Defense
1 - 0% - 60%
2 - 0% - 40%
Last Minute Offensive  - 0:00
Last Minute Defensive  - 0:00
Total
Forward - 60:00
Defense - 60:00

% Time on Ice - Lightning

Lines # - Real PCT - Wanted PCT - Time Play
Normal Forward
1 - 34% - 40% - 15:42
2 - 31% - 30% - 14:33
3 - 21% - 20% - 9:49
4 - 13% - 10% - 6:09
Normal Defense
1 - 41% - 40% - 19:00
2 - 28% - 30% - 12:44
3 - 25% - 20% - 11:26
4 - 7% - 10% - 3:03
PP Forward
1 - 50% - 60% - 4:18
2 - 50% - 40% - 4:14
PP Defense
1 - 55% - 60% - 4:42
2 - 45% - 40% - 3:50
PK Forward
1 - 68% - 60% - 3:35
2 - 32% - 40% - 1:40
PK Defense
1 - 52% - 60% - 2:45
2 - 48% - 40% - 2:30
PK3 Forward
1 - 0% - 60%
2 - 0% - 40%
PK3 Defense
1 - 0% - 60%
2 - 0% - 40%
44 Forward
1 - 0% - 60%
2 - 0% - 40%
44 Defense
1 - 0% - 60%
2 - 0% - 40%
Last Minute Offensive  - 0:00
Last Minute Defensive  - 0:00
Total
Forward - 60:00
Defense - 60:00

Play by Play

1st period


0:01 of 1st period - Henrik Sedin wins face-off versus David Desharnais in neutral zone.
0:05 of 1st period - Minor Penalty to Cam Atkinson for Roughing.
0:06 of 1st period - Henrik Sedin wins face-off versus David Desharnais in Lightning zone.
0:27 of 1st period - Shot by Ryan McDonagh.
0:27 of 1st period - Stopped by Alex Stalock with a rebound.
0:29 of 1st period - Shot by Ryan McDonagh.
0:29 of 1st period - Shot Blocked by Erik Gudbranson.
0:47 of 1st period - Shot by Ryan McDonagh.
0:47 of 1st period - Shot Misses the Net.
0:49 of 1st period - Shot by Ryan McDonagh.
0:49 of 1st period - Shot Misses the Net.
0:51 of 1st period - Shot by Alexander Ovechkin.
0:51 of 1st period - Shot Misses the Net.
0:53 of 1st period - Shot by David Desharnais.
0:53 of 1st period - Goal by David Desharnais - Capitals : 1 - Lightning : 0.
0:54 of 1st period - Mathieu Perreault wins face-off versus Henrik Sedin in neutral zone.
1:05 of 1st period - Icing by Dmitri Orlov.
1:06 of 1st period - Mathieu Perreault wins face-off versus Tomas Plekanec in Capitals zone.
1:34 of 1st period - Dmitri Orlov is hit by Luca Sbisa and loses puck.
1:43 of 1st period - Shot by Jiri Tlusty.
1:43 of 1st period - Deflect By Mathieu Perreault.
1:43 of 1st period - Stopped by Alex Stalock without a rebound.
1:44 of 1st period - Matt Stajan wins face-off versus Brad Richards in Lightning zone.
2:09 of 1st period - Taylor Hall is hit by Curtis Glencross and loses puck.
2:22 of 1st period - Shot by Matt Stajan.
2:22 of 1st period - Shot Misses the Net.
2:47 of 1st period - Icing by Jay Harrison.
2:48 of 1st period - David Desharnais wins face-off versus Henrik Sedin in Capitals zone.
3:36 of 1st period - Icing by Patrick Kane.
3:37 of 1st period - Matt Stajan wins face-off versus Henrik Sedin in Lightning zone.
3:59 of 1st period - Icing by Luca Sbisa.
4:00 of 1st period - Maxim Lapierre wins face-off versus Mathieu Perreault in Lightning zone.
4:17 of 1st period - Icing by Maxime Talbot.
4:18 of 1st period - Daniel Briere wins face-off versus Maxim Lapierre in Lightning zone.
4:27 of 1st period - Shot by Ryan McDonagh.
4:27 of 1st period - Stopped by Alex Stalock without a rebound.
4:28 of 1st period - Brad Richards wins face-off versus David Desharnais in Lightning zone.
5:02 of 1st period - Brent Seabrook is hit by Alexander Ovechkin and loses puck.
5:06 of 1st period - Andrej Sekera is hit by Mike Green and loses puck.
6:27 of 1st period - Shot by Taylor Hall.
6:27 of 1st period - Shot Blocked by Andrej Meszaros.
6:29 of 1st period - Shot by Nate Guenin.
6:29 of 1st period - Stopped by Alex Stalock without a rebound.
6:30 of 1st period - Tomas Plekanec wins face-off versus Mathieu Perreault in Lightning zone.
6:30 of 1st period - Tomas Plekanec is hit by Mathieu Perreault.
7:32 of 1st period - Icing by Andrej Sekera.
7:33 of 1st period - Matt Stajan wins face-off versus Brad Richards in Lightning zone.
7:36 of 1st period - Shot by Taylor Hall.
7:36 of 1st period - Stopped by Alex Stalock without a rebound.
7:37 of 1st period - Brad Richards wins face-off versus Matt Stajan in Lightning zone.
8:04 of 1st period - Shot by Brad Richards.
8:04 of 1st period - Shot Misses the Net.
8:06 of 1st period - Shot by Curtis Glencross.
8:06 of 1st period - Shot Blocked by Nate Guenin.
8:08 of 1st period - Shot by Teddy Purcell.
8:08 of 1st period - Goal by Teddy Purcell - Capitals : 1 - Lightning : 1.
8:09 of 1st period - Daniel Briere wins face-off versus Henrik Sedin in neutral zone.
8:14 of 1st period - Icing by Patrick Kane.
8:15 of 1st period - Daniel Briere wins face-off versus Henrik Sedin in Lightning zone.
8:21 of 1st period - Henrik Sedin is hit by Alexander Ovechkin and loses puck.
8:28 of 1st period - Shot by Henrik Sedin.
8:28 of 1st period - Stopped by James Reimer without a rebound.
8:29 of 1st period - Eric Fehr wins face-off versus Matt Stajan in Capitals zone.
9:09 of 1st period - Shot by Taylor Hall.
9:09 of 1st period - Shot Misses the Net.
9:44 of 1st period - Shot by Cam Atkinson.
9:44 of 1st period - Stopped by James Reimer without a rebound.
9:45 of 1st period - Tomas Fleischmann wins face-off versus Brad Richards in Capitals zone.
9:53 of 1st period - Shot by Brad Richards.
9:53 of 1st period - Stopped by James Reimer without a rebound.
9:54 of 1st period - Patrick Kane wins face-off versus Daniel Briere in Capitals zone.
10:19 of 1st period - Shot by Alexander Ovechkin.
10:19 of 1st period - Shot Misses the Net.
10:21 of 1st period - Shot by Ryan McDonagh.
10:21 of 1st period - Stopped by Alex Stalock without a rebound.
10:22 of 1st period - Brad Richards wins face-off versus Mathieu Perreault in Lightning zone.
10:22 of 1st period - Brad Richards is hit by Mathieu Perreault.
10:27 of 1st period - Andrej Meszaros is hit by Jay Harrison and loses puck.
10:38 of 1st period - Erik Gudbranson is hit by Cody Eakin and loses puck.
10:55 of 1st period - Shot by Mathieu Perreault.
10:55 of 1st period - Shot Misses the Net.
10:57 of 1st period - Shot by Cody Eakin.
10:57 of 1st period - Stopped by Alex Stalock with a rebound.
12:05 of 1st period - Minor Penalty to Ryan McDonagh for Hooking.
12:06 of 1st period - Matt Stajan wins face-off versus Henrik Sedin in Capitals zone.
12:13 of 1st period - Shot by Andrej Sekera.
12:13 of 1st period - Stopped by James Reimer with a rebound.
12:29 of 1st period - Shot by Henrik Sedin.
12:29 of 1st period - Shot Misses the Net.
12:35 of 1st period - Shot by Brent Seabrook.
12:35 of 1st period - Stopped by James Reimer with a rebound.
13:31 of 1st period - Shot by Andrej Sekera.
13:31 of 1st period - Shot Misses the Net.
13:33 of 1st period - Shot by Maxime Talbot.
13:33 of 1st period - Deflect By Patrick Kane.
13:33 of 1st period - Goal by Patrick Kane - Capitals : 1 - Lightning : 2.
13:34 of 1st period - Tomas Plekanec wins face-off versus Daniel Briere in neutral zone.
13:41 of 1st period - Shot by Maxime Talbot.
13:41 of 1st period - Shot Misses the Net.
13:43 of 1st period - Shot by Tomas Plekanec.
13:43 of 1st period - Stopped by James Reimer without a rebound.
13:44 of 1st period - Tomas Plekanec wins face-off versus David Desharnais in Capitals zone.
14:25 of 1st period - Shot by Tomas Plekanec.
14:25 of 1st period - Shot Misses the Net.
14:32 of 1st period - Icing by Mike Green.
14:33 of 1st period - Brad Richards wins face-off versus David Desharnais in Capitals zone.
14:42 of 1st period - Shot by Curtis Glencross.
14:42 of 1st period - Shot Misses the Net.
14:44 of 1st period - Shot by Andrej Sekera.
14:44 of 1st period - Stopped by James Reimer without a rebound.
14:45 of 1st period - Matt Stajan wins face-off versus Henrik Sedin in Capitals zone.
14:45 of 1st period - Matt Stajan is hit by Cam Atkinson.
15:11 of 1st period - Shot by Patrick Kane.
15:11 of 1st period - Shot Misses the Net.
15:13 of 1st period - Shot by Cam Atkinson.
15:13 of 1st period - Goal by Cam Atkinson - Capitals : 1 - Lightning : 3.
15:14 of 1st period - Brad Richards wins face-off versus Mathieu Perreault in neutral zone.
15:23 of 1st period - Shot by Brad Richards.
15:23 of 1st period - Stopped by James Reimer without a rebound.
15:24 of 1st period - Jason Chimera wins face-off versus Daniel Briere in Capitals zone.
15:56 of 1st period - Shot by Alexander Ovechkin.
15:56 of 1st period - Shot Misses the Net.
15:58 of 1st period - Shot by Daniel Briere.
15:58 of 1st period - Goal by Daniel Briere - Capitals : 2 - Lightning : 3.
15:59 of 1st period - Matt Stajan wins face-off versus Henrik Sedin in neutral zone.
16:21 of 1st period - Off-side.
16:22 of 1st period - David Desharnais wins face-off versus Brad Richards in neutral zone.
16:36 of 1st period - Shot by David Desharnais.
16:36 of 1st period - Stopped by Alex Stalock with a rebound.
16:56 of 1st period - Shot by Alexander Semin.
16:56 of 1st period - Stopped by Alex Stalock without a rebound.
16:57 of 1st period - Matt Stajan wins face-off versus Henrik Sedin in Lightning zone.
17:08 of 1st period - Shot by Taylor Hall.
17:08 of 1st period - Stopped by Alex Stalock without a rebound.
17:09 of 1st period - Mathieu Perreault wins face-off versus Tomas Plekanec in Lightning zone.
18:18 of 1st period - Icing by Jay Harrison.
18:19 of 1st period - Brad Richards wins face-off versus Mathieu Perreault in Capitals zone.
18:50 of 1st period - Shot by Brad Richards.
18:50 of 1st period - Stopped by James Reimer with a rebound.
18:56 of 1st period - Shot by Curtis Glencross.
18:56 of 1st period - Shot Hit the Post.
19:16 of 1st period - Shot by Henrik Sedin.
19:16 of 1st period - Shot Misses the Net.
19:24 of 1st period - Shot by Brent Seabrook.
19:24 of 1st period - Deflect By Henrik Sedin.
19:24 of 1st period - Stopped by James Reimer without a rebound.
19:25 of 1st period - Maxim Lapierre wins face-off versus Matt Stajan in Capitals zone.
19:25 of 1st period - Andrej Meszaros is hit by Ryan McDonagh and loses puck.
19:33 of 1st period - Eric Fehr is hit by Ryan McDonagh and loses puck.
19:42 of 1st period - Shot by Maxime Talbot.
19:42 of 1st period - Shot Blocked by Mike Green.
19:53 of 1st period - Mike Green is hit by Maxim Lapierre and loses puck.
Goals for this period are 2 for Capitals vs 3 for Lightning.
Shots for this period are 12 for Capitals vs 13 for Lightning.

2nd period


0:01 of 2nd period - Henrik Sedin wins face-off versus David Desharnais in neutral zone.
0:18 of 2nd period - Shot by Alexander Semin.
0:18 of 2nd period - Shot Blocked by Erik Gudbranson.
0:20 of 2nd period - Shot by Nate Guenin.
0:20 of 2nd period - Shot Blocked by Henrik Sedin.
0:36 of 2nd period - Shot by Nate Guenin.
0:36 of 2nd period - Stopped by Alex Stalock without a rebound.
0:37 of 2nd period - Matt Stajan wins face-off versus Brad Richards in Lightning zone.
0:37 of 2nd period - Matt Stajan is hit by Brent Seabrook.
0:48 of 2nd period - Taylor Hall is hit by Brent Seabrook and loses puck.
0:58 of 2nd period - Icing by Curtis Glencross.
0:59 of 2nd period - Daniel Briere wins face-off versus Brad Richards in Lightning zone.
0:59 of 2nd period - Daniel Briere is hit by Brent Seabrook.
1:15 of 2nd period - Shot by Daniel Briere.
1:15 of 2nd period - Stopped by Alex Stalock without a rebound.
1:16 of 2nd period - Matt Stajan wins face-off versus Henrik Sedin in Lightning zone.
1:22 of 2nd period - Taylor Hall is hit by Erik Gudbranson and loses puck.
1:27 of 2nd period - Shot by Matt Stajan.
1:27 of 2nd period - Shot Blocked by Andrej Meszaros.
1:29 of 2nd period - Shot by Ryane Clowe.
1:29 of 2nd period - Stopped by Alex Stalock without a rebound.
1:30 of 2nd period - David Desharnais wins face-off versus Jason Chimera in Lightning zone.
1:35 of 2nd period - Shot by Alexander Semin.
1:35 of 2nd period - Shot Blocked by Brent Seabrook.
2:26 of 2nd period - Minor Penalty to Ryane Clowe for Diving.
2:27 of 2nd period - Matt Stajan wins face-off versus Henrik Sedin in Capitals zone.
2:39 of 2nd period - Shot by Erik Gudbranson.
2:39 of 2nd period - Stopped by James Reimer with a rebound.
2:41 of 2nd period - Shot by Cam Atkinson.
2:41 of 2nd period - Shot Misses the Net.
2:45 of 2nd period - Shot by Patrick Kane.
2:45 of 2nd period - Stopped by James Reimer without a rebound.
2:46 of 2nd period - Matt Stajan wins face-off versus Brad Richards in Capitals zone.
3:23 of 2nd period - Shot by Teddy Purcell.
3:23 of 2nd period - Stopped by James Reimer without a rebound.
3:24 of 2nd period - Henrik Sedin wins face-off versus Jiri Tlusty in Capitals zone.
3:24 of 2nd period - Andrej Sekera is hit by Dmitri Orlov and loses puck.
3:29 of 2nd period - Shot by Cam Atkinson.
3:29 of 2nd period - Shot Misses the Net.
3:31 of 2nd period - Shot by Patrick Kane.
3:31 of 2nd period - Shot Misses the Net.
3:33 of 2nd period - Shot by Brent Seabrook.
3:33 of 2nd period - Goal by Brent Seabrook - Capitals : 2 - Lightning : 4.
3:33 of 2nd period - Jimmy Howard enters game.
3:34 of 2nd period - Henrik Sedin wins face-off versus David Desharnais in neutral zone.
3:49 of 2nd period - Shot by Alexander Ovechkin.
3:49 of 2nd period - Stopped by Alex Stalock without a rebound.
3:50 of 2nd period - Brad Richards wins face-off versus Matt Stajan in Lightning zone.
3:50 of 2nd period - Brad Richards is hit by Ryane Clowe.
4:03 of 2nd period - Luca Sbisa is hit by Mike Green and loses puck.
4:11 of 2nd period - Mike Green is hit by Luca Sbisa and loses puck.
4:56 of 2nd period - Shot by Henrik Sedin.
4:56 of 2nd period - Deflect By Patrick Kane.
4:56 of 2nd period - Shot Misses the Net.
5:14 of 2nd period - Shot by David Desharnais.
5:14 of 2nd period - Shot Misses the Net.
5:16 of 2nd period - Shot by Alexander Ovechkin.
5:16 of 2nd period - Shot Blocked by Erik Gudbranson.
5:18 of 2nd period - Shot by Alexander Ovechkin.
5:18 of 2nd period - Shot Misses the Net.
5:28 of 2nd period - Shot by Cam Atkinson.
5:28 of 2nd period - Stopped by Jimmy Howard without a rebound.
5:29 of 2nd period - Mathieu Perreault wins face-off versus Maxim Lapierre in Capitals zone.
5:51 of 2nd period - Icing by Mathieu Perreault.
5:52 of 2nd period - Cody Eakin wins face-off versus Tomas Plekanec in Capitals zone.
6:02 of 2nd period - Mathieu Perreault is hit by Erik Gudbranson and loses puck.
6:03 of 2nd period - Minor Penalty to Erik Gudbranson for Slashing.
6:04 of 2nd period - Henrik Sedin wins face-off versus David Desharnais in Lightning zone.
6:10 of 2nd period - Icing by Alexander Ovechkin.
6:11 of 2nd period - David Desharnais wins face-off versus Henrik Sedin in Capitals zone.
6:56 of 2nd period - Shot by Ryan McDonagh.
6:56 of 2nd period - Shot Misses the Net.
6:58 of 2nd period - Shot by Alexander Ovechkin.
6:58 of 2nd period - Shot Blocked by Andrej Meszaros.
7:12 of 2nd period - Shot by Ryane Clowe.
7:12 of 2nd period - Shot Blocked by Andrej Sekera.
7:27 of 2nd period - Icing by Tomas Fleischmann.
7:28 of 2nd period - Henrik Sedin wins face-off versus Matt Stajan in Capitals zone.
8:03 of 2nd period - Icing by Dmitri Orlov.
8:04 of 2nd period - Tomas Plekanec wins face-off versus Mathieu Perreault in Capitals zone.
8:06 of 2nd period - Minor Penalty to Jay Harrison for Hooking.
8:07 of 2nd period - Matt Stajan wins face-off versus Brad Richards in Capitals zone.
8:07 of 2nd period - Matt Stajan is hit by Curtis Glencross.
8:53 of 2nd period - Teddy Purcell is hit by Nate Guenin and loses puck.
9:58 of 2nd period - Shot by Andrej Sekera.
9:58 of 2nd period - Shot Blocked by Nate Guenin.
10:34 of 2nd period - Icing by Jay Harrison.
10:35 of 2nd period - Daniel Briere wins face-off versus Maxim Lapierre in Capitals zone.
10:41 of 2nd period - Erik Gudbranson is hit by Jay Harrison and loses puck.
10:58 of 2nd period - Shot by Eric Fehr.
10:58 of 2nd period - Shot Misses the Net.
11:49 of 2nd period - Shot by Mathieu Perreault.
11:49 of 2nd period - Stopped by Alex Stalock with a rebound.
12:25 of 2nd period - Shot by Taylor Hall.
12:25 of 2nd period - Stopped by Alex Stalock without a rebound.
12:26 of 2nd period - Brad Richards wins face-off versus David Desharnais in Lightning zone.
12:30 of 2nd period - Off-side.
12:31 of 2nd period - Matt Stajan wins face-off versus Brad Richards in neutral zone.
12:31 of 2nd period - Taylor Hall is hit by Curtis Glencross and loses puck.
12:33 of 2nd period - Minor Penalty to Curtis Glencross for Roughing.
12:34 of 2nd period - Henrik Sedin wins face-off versus David Desharnais in Lightning zone.
12:40 of 2nd period - Icing by Alexander Semin.
12:41 of 2nd period - David Desharnais wins face-off versus Henrik Sedin in Capitals zone.
13:02 of 2nd period - Shot by Alexander Ovechkin.
13:02 of 2nd period - Goal by Alexander Ovechkin - Capitals : 3 - Lightning : 4.
13:03 of 2nd period - Brad Richards wins face-off versus Mathieu Perreault in neutral zone.
13:33 of 2nd period - Shot by Cody Eakin.
13:33 of 2nd period - Shot Misses the Net.
14:03 of 2nd period - Shot by David Desharnais.
14:03 of 2nd period - Stopped by Alex Stalock without a rebound.
14:04 of 2nd period - Henrik Sedin wins face-off versus Matt Stajan in Lightning zone.
14:11 of 2nd period - Ryan McDonagh is hit by Cam Atkinson and loses puck.
14:20 of 2nd period - Shot by Henrik Sedin.
14:20 of 2nd period - Shot Misses the Net.
14:22 of 2nd period - Shot by Henrik Sedin.
14:22 of 2nd period - Shot Misses the Net.
14:24 of 2nd period - Shot by Cam Atkinson.
14:24 of 2nd period - Shot Misses the Net.
15:13 of 2nd period - Shot by Tomas Plekanec.
15:13 of 2nd period - Stopped by Jimmy Howard without a rebound.
15:14 of 2nd period - David Desharnais wins face-off versus Maxim Lapierre in Capitals zone.
15:54 of 2nd period - Minor Penalty to Alexander Ovechkin for Hooking.
15:55 of 2nd period - Matt Stajan wins face-off versus Henrik Sedin in Capitals zone.
16:28 of 2nd period - Shot by Patrick Kane.
16:28 of 2nd period - Shot Misses the Net.
16:30 of 2nd period - Shot by Andrej Sekera.
16:30 of 2nd period - Stopped by Jimmy Howard without a rebound.
16:31 of 2nd period - Matt Stajan wins face-off versus Brad Richards in Capitals zone.
16:31 of 2nd period - Matt Stajan is hit by Curtis Glencross.
16:43 of 2nd period - Shot by Erik Gudbranson.
16:43 of 2nd period - Shot Misses the Net.
16:45 of 2nd period - Shot by Curtis Glencross.
16:45 of 2nd period - Stopped by Jimmy Howard without a rebound.
16:46 of 2nd period - Matt Stajan wins face-off versus Brad Richards in Capitals zone.
17:04 of 2nd period - Andrej Sekera is hit by Mike Green and loses puck.
17:11 of 2nd period - Curtis Glencross is hit by Jiri Tlusty and loses puck.
17:18 of 2nd period - Shot by Jiri Tlusty.
17:18 of 2nd period - Deflect By Alexander Semin.
17:18 of 2nd period - Shot Misses the Net.
17:37 of 2nd period - Brad Richards is hit by Jiri Tlusty.
18:35 of 2nd period - Icing by Daniel Briere.
18:36 of 2nd period - Daniel Briere wins face-off versus Henrik Sedin in Capitals zone.
19:29 of 2nd period - Shot by Matt Stajan.
19:29 of 2nd period - Stopped by Alex Stalock with a rebound.
19:43 of 2nd period - Curtis Glencross is hit by Mike Green and loses puck.
Goals for this period are 1 for Capitals vs 1 for Lightning.
Shots for this period are 9 for Capitals vs 8 for Lightning.

3rd period


0:01 of 3rd period - Alexander Semin wins face-off versus Henrik Sedin in neutral zone.
0:04 of 3rd period - Shot by Mike Green.
0:04 of 3rd period - Shot Misses the Net.
0:57 of 3rd period - Andrej Sekera is hit by Alexander Ovechkin and loses puck.
2:20 of 3rd period - Icing by Jay Harrison.
2:21 of 3rd period - Mathieu Perreault wins face-off versus Tomas Plekanec in Capitals zone.
2:21 of 3rd period - Mathieu Perreault is hit by Jason Chimera.
2:27 of 3rd period - Shot by Mathieu Perreault.
2:27 of 3rd period - Shot Blocked by Luca Sbisa.
2:58 of 3rd period - Shot by Maxime Talbot.
2:58 of 3rd period - Shot Blocked by Jay Harrison.
3:00 of 3rd period - Shot by Tomas Plekanec.
3:00 of 3rd period - Shot Misses the Net.
3:59 of 3rd period - Icing by Mike Green.
4:00 of 3rd period - David Desharnais wins face-off versus Maxim Lapierre in Capitals zone.
4:10 of 3rd period - Icing by Maxim Lapierre.
4:11 of 3rd period - Matt Stajan wins face-off versus Maxim Lapierre in Lightning zone.
4:12 of 3rd period - Shot by Taylor Hall.
4:12 of 3rd period - Stopped by Alex Stalock with a rebound.
4:32 of 3rd period - Shot by Matt Stajan.
4:32 of 3rd period - Deflect By Ryane Clowe.
4:32 of 3rd period - Shot Misses the Net.
5:14 of 3rd period - Shot by Brad Richards.
5:14 of 3rd period - Deflect By Curtis Glencross.
5:14 of 3rd period - Shot Blocked by Ryan McDonagh.
5:28 of 3rd period - Shot by Daniel Briere.
5:28 of 3rd period - Deflect By Alexander Ovechkin.
5:28 of 3rd period - Shot Misses the Net.
5:30 of 3rd period - Shot by Daniel Briere.
5:30 of 3rd period - Shot Misses the Net.
5:32 of 3rd period - Shot by Ryan McDonagh.
5:32 of 3rd period - Shot Misses the Net.
5:34 of 3rd period - Shot by Ryan McDonagh.
5:34 of 3rd period - Stopped by Alex Stalock with a rebound.
5:51 of 3rd period - Minor Penalty to Corey Potter for Hooking.
5:52 of 3rd period - Matt Stajan wins face-off versus Henrik Sedin in Capitals zone.
5:52 of 3rd period - Mike Green is hit by Henrik Sedin and loses puck.
5:57 of 3rd period - Shot by Andrej Meszaros.
5:57 of 3rd period - Stopped by Jimmy Howard without a rebound.
5:58 of 3rd period - Matt Stajan wins face-off versus Henrik Sedin in Capitals zone.
5:58 of 3rd period - Matt Stajan is hit by Henrik Sedin.
6:12 of 3rd period - Shot by Henrik Sedin.
6:12 of 3rd period - Shot Blocked by Nate Guenin.
6:33 of 3rd period - Shot by Patrick Kane.
6:33 of 3rd period - Shot Misses the Net.
6:35 of 3rd period - Shot by Andrej Meszaros.
6:35 of 3rd period - Shot Misses the Net.
6:37 of 3rd period - Shot by Henrik Sedin.
6:37 of 3rd period - Shot Blocked by Matt Stajan.
7:11 of 3rd period - Shot by Brent Seabrook.
7:11 of 3rd period - Shot Misses the Net.
7:13 of 3rd period - Shot by Andrej Sekera.
7:13 of 3rd period - Shot Blocked by Taylor Hall.
7:15 of 3rd period - Shot by Andrej Sekera.
7:15 of 3rd period - Shot Blocked by Mike Green.
7:31 of 3rd period - Shot by Andrej Sekera.
7:31 of 3rd period - Shot Blocked by Dmitri Orlov.
7:33 of 3rd period - Shot by Brent Seabrook.
7:33 of 3rd period - Shot Misses the Net.
7:35 of 3rd period - Shot by Andrej Sekera.
7:35 of 3rd period - Stopped by Jimmy Howard without a rebound.
7:36 of 3rd period - Henrik Sedin wins face-off versus Matt Stajan in Capitals zone.
8:08 of 3rd period - Icing by Jay Harrison.
8:09 of 3rd period - Maxim Lapierre wins face-off versus David Desharnais in Capitals zone.
8:13 of 3rd period - Icing by Morgan Rielly.
8:14 of 3rd period - David Desharnais wins face-off versus Brad Richards in Capitals zone.
8:14 of 3rd period - David Desharnais is hit by Teddy Purcell.
8:17 of 3rd period - Minor Penalty to Curtis Glencross for Holding.
8:18 of 3rd period - Matt Stajan wins face-off versus Henrik Sedin in Lightning zone.
8:45 of 3rd period - Shot by Taylor Hall.
8:45 of 3rd period - Stopped by Alex Stalock with a rebound.
8:47 of 3rd period - Shot by Tomas Fleischmann.
8:47 of 3rd period - Stopped by Alex Stalock without a rebound.
8:48 of 3rd period - David Desharnais wins face-off versus Henrik Sedin in Lightning zone.
9:15 of 3rd period - Shot by Henrik Sedin.
9:15 of 3rd period - Shot Misses the Net.
9:22 of 3rd period - Icing by Dmitri Orlov.
9:23 of 3rd period - Brad Richards wins face-off versus David Desharnais in Capitals zone.
9:26 of 3rd period - Shot by Cam Atkinson.
9:26 of 3rd period - Stopped by Jimmy Howard without a rebound.
9:27 of 3rd period - Matt Stajan wins face-off versus Henrik Sedin in Capitals zone.
9:36 of 3rd period - Shot by Henrik Sedin.
9:36 of 3rd period - Shot Misses the Net.
9:38 of 3rd period - Shot by Andrej Meszaros.
9:38 of 3rd period - Shot Misses the Net.
9:40 of 3rd period - Shot by Andrej Meszaros.
9:40 of 3rd period - Shot Misses the Net.
9:50 of 3rd period - Shot by Ryan McDonagh.
9:50 of 3rd period - Shot Misses the Net.
10:06 of 3rd period - Shot by Taylor Hall.
10:06 of 3rd period - Shot Misses the Net.
10:50 of 3rd period - Shot by Tomas Plekanec.
10:50 of 3rd period - Goal by Tomas Plekanec - Capitals : 3 - Lightning : 5.
10:51 of 3rd period - Brad Richards wins face-off versus Mathieu Perreault in neutral zone.
11:08 of 3rd period - Icing by Brent Seabrook.
11:09 of 3rd period - Brad Richards wins face-off versus Daniel Briere in Lightning zone.
12:23 of 3rd period - Icing by Dmitri Orlov.
12:24 of 3rd period - Matt Stajan wins face-off versus Tomas Plekanec in Capitals zone.
12:30 of 3rd period - Dmitri Orlov is hit by Luca Sbisa and loses puck.
12:38 of 3rd period - Ryane Clowe is hit by Luca Sbisa and loses puck.
12:50 of 3rd period - Matt Stajan is hit by Jason Chimera and loses puck.
13:03 of 3rd period - Shot by Jiri Tlusty.
13:03 of 3rd period - Stopped by Alex Stalock with a rebound.
13:15 of 3rd period - Shot by Jiri Tlusty.
13:15 of 3rd period - Shot Misses the Net.
13:40 of 3rd period - Shot by Patrick Kane.
13:40 of 3rd period - Stopped by Jimmy Howard without a rebound.
13:41 of 3rd period - Brad Richards wins face-off versus David Desharnais in Capitals zone.
14:05 of 3rd period - Off-side.
14:06 of 3rd period - Henrik Sedin wins face-off versus Matt Stajan in neutral zone.
14:27 of 3rd period - Shot by Patrick Kane.
14:27 of 3rd period - Deflect By Cam Atkinson.
14:27 of 3rd period - Shot Blocked by Nate Guenin.
15:24 of 3rd period - Shot by Ryan McDonagh.
15:24 of 3rd period - Stopped by Alex Stalock with a rebound.
16:04 of 3rd period - Shot by Jiri Tlusty.
16:04 of 3rd period - Stopped by Alex Stalock without a rebound.
16:05 of 3rd period - Maxim Lapierre wins face-off versus Mathieu Perreault in Lightning zone.
16:44 of 3rd period - Icing by Maxime Talbot.
16:45 of 3rd period - Maxim Lapierre wins face-off versus Matt Stajan in Lightning zone.
16:45 of 3rd period - Maxim Lapierre is hit by Ryane Clowe.
17:16 of 3rd period - Brent Seabrook is hit by Nate Guenin and loses puck.
17:19 of 3rd period - Shot by Cam Atkinson.
17:19 of 3rd period - Shot Blocked by Dmitri Orlov.
17:21 of 3rd period - Shot by Brent Seabrook.
17:21 of 3rd period - Shot Misses the Net.
18:03 of 3rd period - Shot by Alexander Ovechkin.
18:03 of 3rd period - Stopped by Alex Stalock with a rebound.
18:05 of 3rd period - Shot by David Desharnais.
18:05 of 3rd period - Stopped by Alex Stalock without a rebound.
18:06 of 3rd period - Brad Richards wins face-off versus Mathieu Perreault in Lightning zone.
18:13 of 3rd period - Shot by Erik Gudbranson.
18:13 of 3rd period - Stopped by Jimmy Howard without a rebound.
18:14 of 3rd period - Mathieu Perreault wins face-off versus Brad Richards in Capitals zone.
18:27 of 3rd period - Jay Harrison is hit by Curtis Glencross and loses puck.
18:44 of 3rd period - Shot by Jiri Tlusty.
18:44 of 3rd period - Stopped by Alex Stalock without a rebound.
18:45 of 3rd period - Tomas Plekanec wins face-off versus David Desharnais in Lightning zone.
18:45 of 3rd period - Tomas Plekanec is hit by Alexander Ovechkin.
19:01 of 3rd period - Shot by Alexander Semin.
19:01 of 3rd period - Deflect By Alexander Ovechkin.
19:01 of 3rd period - Stopped by Alex Stalock without a rebound.
19:02 of 3rd period - Henrik Sedin wins face-off versus Matt Stajan in Lightning zone.
19:17 of 3rd period - Dmitri Orlov is hit by Henrik Sedin and loses puck.
19:41 of 3rd period - Shot by Matt Stajan.
19:41 of 3rd period - Shot Misses the Net.
Goals for this period are 0 for Capitals vs 1 for Lightning.
Shots for this period are 11 for Capitals vs 6 for Lightning.


Output by the SimonT Hockey Simulator (STHS) for Stephane Roy -- Original Page W3C XHTML 1.0 Valid
Hockey Simulator - Hockey Simulation - Hockey Manager